APL (24 & UNDER)
PENSACOLA PILOTS @ NASHUA REDLEGS
04/11/2027
 
TOP OF THE 1ST
Pensacola Pilots batting - Pitching for Nashua Redlegs : RHP Pedro Cabrera
Pitching: RHP Pedro Cabrera
Batting: RHB Julian Lee 0-0: Called Strike
0-1: SINGLE (Flyball, 78S)
Batting: RHB Jesús Sánchez 0-0: Ball
1-0: Ball
2-0: Ball
3-0: Base on Balls
Julian Lee to second
Batting: LHB Pedro Ramos 0-0: 3-RUN HOME RUN (Flyball, 9LD), Distance : 341 ft
Batting: RHB Peter Bishop 0-0: Called Strike
0-1: Swinging Strike
0-2: Ball
1-2: Ball
2-2: Strikes out swinging
Batting: LHB Weston Chaney 0-0: Foul Ball, location: 2F
0-1: Ball
1-1: Ball
2-1: Called Strike
2-2: Ball
3-2: Foul Ball, location: 2F
3-2: Ground out 4-3 (Groundball, 4MS)
Batting: RHB Jonny Lord 0-0: Ball
1-0: Ball
2-0: SINGLE (Line Drive, 34D)
Batting: LHB Nick Gamble 0-0: Ball
1-0: Ball
2-0: SINGLE (Line Drive, 5D)
Jonny Lord to second
Batting: RHB Gustavo Rodríguez 0-0: Foul Ball, location: 2F
0-1: Ball
1-1: Swinging Strike
1-2: Fly out, F6 (Line Drive, 6M)
Top of the 1st over - 3 run(s), 4 hit(s), 0 error(s), 2 left on base; Pensacola 3 - Nashua 0
BOTTOM OF THE 1ST
Nashua Redlegs batting - Pitching for Pensacola Pilots : RHP Luis Pistoni
Pitching: RHP Luis Pistoni
Batting: RHB António López 0-0: Foul Ball, location: 2F
0-1: Ball
1-1: Called Strike
1-2: Foul Ball, location: 2F
1-2: Strikes out swinging
Batting: RHB Toju Noguchi 0-0: Called Strike
0-1: Called Strike
0-2: Ball
1-2: Strikes out swinging
Batting: RHB Currito Campos 0-0: Ball
1-0: Ground out 5-3 (Groundball, 56S)
Bottom of the 1st over - 0 run(s), 0 hit(s), 0 error(s), 0 left on base; Pensacola 3 - Nashua 0
TOP OF THE 2ND
Pensacola Pilots batting - Pitching for Nashua Redlegs : RHP Pedro Cabrera
Batting: RHB Jesús García 0-0: Called Strike
0-1: Foul Ball, location: 2F
0-2: Strikes out swinging
Batting: RHB Julian Lee 0-0: Ball
1-0: Ground out 1-3 (Groundball, 13)
Batting: RHB Jesús Sánchez 0-0: Called Strike
0-1: Ball
1-1: Ball
2-1: Ball
3-1: Ground out 4-3 (Groundball, 4M)
Top of the 2nd over - 0 run(s), 0 hit(s), 0 error(s), 0 left on base; Pensacola 3 - Nashua 0
BOTTOM OF THE 2ND
Nashua Redlegs batting - Pitching for Pensacola Pilots : RHP Luis Pistoni
Batting: RHB Manuel Alonso 0-0: SOLO HOME RUN (Flyball, 78XD), Distance : 411 ft
Batting: LHB Tim Ramsey 0-0: Ball
1-0: Called Strike
1-1: Fly out, F9 (Flyball, 9)
Batting: RHB Jason Blair 0-0: SINGLE (Groundball, 6D)
Batting: RHB Joe Noble 0-0: Ball
1-0: Foul Ball, location: 2F
1-1: Foul Ball, location: 2F
1-2: Ball
2-2: Ball
3-2: Base on Balls
Jason Blair to second
Batting: RHB Gilberto León 0-0: Ball
1-0: SINGLE (Line Drive, 9S)
Jason Blair to third
Joe Noble to second
Batting: RHB Spencer Pritchett 0-0: Called Strike
0-1: Ball
1-1: Fly out, F9 (Flyball, 9LM)
Runner from 3rd tags up, SCORES, no throw
Batting: RHB António López 0-0: Called Strike
0-1: Ball
1-1: Ball
2-1: Hit by Pitch
Joe Noble to third
Gilberto León to second
Batting: RHB Toju Noguchi 0-0: Ball
1-0: Ball
2-0: Called Strike
2-1: Ball
3-1: Called Strike
3-2: Base on Balls
Joe Noble scores
Gilberto León to third
António López to second
Batting: RHB Currito Campos 0-0: Foul Ball, location: 2F
0-1: SINGLE (Line Drive, 9S)
Gilberto León scores
António López to third
Toju Noguchi to second
Runner from 3rd tries for Home, SAFE, no throw
Batting: RHB Manuel Alonso 0-0: Called Strike
0-1: Fielders Choice at 2nd, 6-4 (Groundball, 6)
Bottom of the 2nd over - 5 run(s), 4 hit(s), 0 error(s), 1 left on base; Pensacola 3 - Nashua 5
TOP OF THE 3RD
Pensacola Pilots batting - Pitching for Nashua Redlegs : RHP Pedro Cabrera
Batting: LHB Pedro Ramos 0-0: Foul Ball, location: 2F
0-1: Ball
1-1: Ball
2-1: SINGLE (Groundball, 6D)
Batting: RHB Peter Bishop 0-0: Ball
Pickoff Throw to First - Out!
1-0: Ball
2-0: Swinging Strike
2-1: Called Strike
2-2: Ground out 6-3 (Groundball, 56)
Batting: LHB Weston Chaney 0-0: Ball
1-0: Ball
2-0: Called Strike
2-1: Swinging Strike
2-2: Foul Ball, location: 2F
2-2: Ball
3-2: Fly out, F7 (Flyball, 7LM)
Top of the 3rd over - 0 run(s), 1 hit(s), 0 error(s), 0 left on base; Pensacola 3 - Nashua 5
BOTTOM OF THE 3RD
Nashua Redlegs batting - Pitching for Pensacola Pilots : RHP Luis Pistoni
Batting: LHB Tim Ramsey 0-0: Swinging Strike
0-1: Ball
1-1: Ball
2-1: Swinging Strike
2-2: SINGLE (Line Drive, 9LS)
Batting: RHB Jason Blair 0-0: Ball
Tim Ramsey is caught stealing 2nd base
1-0: Called Strike
1-1: Swinging Strike
1-2: Ball
2-2: Ground out 5-3 (Groundball, 56)
Batting: RHB Joe Noble 0-0: Called Strike
0-1: Foul Ball, location: 2F
0-2: Ball
1-2: Fly out, F3 (Popup, 34)
Bottom of the 3rd over - 0 run(s), 1 hit(s), 0 error(s), 0 left on base; Pensacola 3 - Nashua 5
TOP OF THE 4TH
Pensacola Pilots batting - Pitching for Nashua Redlegs : RHP Pedro Cabrera
Batting: RHB Jonny Lord 0-0: Ball
1-0: Called Strike
1-1: Ball
2-1: Ball
3-1: Swinging Strike
3-2: Base on Balls
Batting: LHB Nick Gamble 0-0: Called Strike
0-1: Ball
1-1: Called Strike
1-2: Ball
Passed Ball!
Jonny Lord to second
2-2: Fly out, F9 (Flyball, 9S)
Batting: RHB Gustavo Rodríguez 0-0: Foul Ball, location: 2F
0-1: Ball
1-1: Foul Ball, location: 2F
1-2: Strikes out swinging
Batting: RHB Jesús García 0-0: Ball
1-0: Called Strike
1-1: Called Strike
1-2: Ball
2-2: Foul Ball, location: 2F
2-2: Foul Ball, location: 2F
2-2: Foul Ball, location: 2F
2-2: Foul Ball, location: 2F
2-2: Fly out, F4 (Popup, 4)
Top of the 4th over - 0 run(s), 0 hit(s), 0 error(s), 1 left on base; Pensacola 3 - Nashua 5
BOTTOM OF THE 4TH
Nashua Redlegs batting - Pitching for Pensacola Pilots : RHP Luis Pistoni
Batting: RHB Gilberto León 0-0: Ball
1-0: Ball
2-0: SINGLE (Groundball, 4MD)
Batting: RHB Spencer Pritchett 0-0: Foul Ball, location: 2F
0-1: SINGLE (Groundball, 6MD)
Gilberto León to second
Batting: RHB António López 0-0: Called Strike
0-1: Grounds into double play, 5-4-3 (Groundball, 5)
Gilberto León to third
Batting: RHB Toju Noguchi 0-0: Ball
1-0: Ground out 4-3 (Groundball, 4)
Bottom of the 4th over - 0 run(s), 2 hit(s), 0 error(s), 1 left on base; Pensacola 3 - Nashua 5
TOP OF THE 5TH
Pensacola Pilots batting - Pitching for Nashua Redlegs : RHP Pedro Cabrera
Batting: RHB Julian Lee 0-0: Called Strike
0-1: Ball
1-1: Ball
2-1: Ball
3-1: Swinging Strike
3-2: Base on Balls
Pitching: RHP Carlos Rodríguez
Batting: RHB Jesús Sánchez 0-0: Ball
1-0: Called Strike
1-1: SINGLE (Flyball, 8LS)
Julian Lee to second
Runner from 2nd tries for 3rd, SAFE, no throw
Batting: LHB Pedro Ramos 0-0: Ball
1-0: Ball
2-0: Foul Ball, location: 2F
2-1: Foul Ball, location: 2F
2-2: Foul Ball, location: 2F
2-2: Ball
3-2: Fly out, F7 (Flyball, 7LS)
Runner from 3rd tags up, SCORES, no throw
Batting: RHB Peter Bishop 0-0: Ball
1-0: SINGLE (Flyball, 7S)
Jesús Sánchez to second
Batting: LHB Weston Chaney 0-0: Ground out 5-3 (Groundball, 56S)
Jesús Sánchez to third
Peter Bishop to second
Batting: RHB Jonny Lord 0-0: Called Strike
0-1: Ball
1-1: Ball
2-1: Called Strike
2-2: DOUBLE (Line Drive, 9LM)
Jesús Sánchez scores
Peter Bishop scores
Batting: LHB Nick Gamble 0-0: Called Strike
0-1: Ball
1-1: Swinging Strike
1-2: Ball
2-2: Ball
3-2: Base on Balls
Batting: RHB Gustavo Rodríguez 0-0: Called Strike
0-1: Ball
1-1: SINGLE (Line Drive, 6MD)
Jonny Lord to third
Nick Gamble to second
Runner from 3rd tries for Home, SAFE, throw made home
Batting: RHB Jesús García 0-0: Called Strike
0-1: Ball
1-1: Called Strike
1-2: 3-RUN HOME RUN (Flyball, 7D), Distance : 373 ft
Pitching: LHP Jorge Melgaza
Batting: RHB Julian Lee 0-0: Ball
1-0: Foul Ball, location: 2F
1-1: Fly out, F9 (Flyball, 9S)
Top of the 5th over - 7 run(s), 5 hit(s), 0 error(s), 0 left on base; Pensacola 10 - Nashua 5
BOTTOM OF THE 5TH
Nashua Redlegs batting - Pitching for Pensacola Pilots : RHP Luis Pistoni
Batting: RHB Currito Campos 0-0: Ball
1-0: Foul Ball, location: 2F
1-1: Ball
2-1: Foul Ball, location: 2F
2-2: SINGLE (Groundball, 56D)
Batting: RHB Manuel Alonso 0-0: DOUBLE (Flyball, 7D)
Currito Campos to third
Batting: LHB Tim Ramsey 0-0: Ball
1-0: Foul Ball, location: 2F
1-1: Ball
2-1: Ball
3-1: Foul Ball, location: 2F
3-2: Foul Ball, location: 2F
3-2: SINGLE (Line Drive, 8LS)
Currito Campos scores
Manuel Alonso to third
Runner from 3rd tries for Home, SAFE, no throw
Pitching: RHP Pedro Vargas
Batting: RHB Jason Blair 0-0: Ball
Tim Ramsey steals 2nd base
1-0: TRIPLE (Flyball, 9LM)
Tim Ramsey scores
Batting: RHB Joe Noble 0-0: Ball
1-0: Ball
2-0: Swinging Strike
2-1: Foul Ball, location: 2F
2-2: Ball
3-2: Base on Balls
Batting: RHB Gilberto León 0-0: Called Strike
0-1: Ball
1-1: Fly out, F9 (Flyball, 9LM)
Runner from 3rd tags up, SCORES, no throw
Batting: RHB Spencer Pritchett 0-0: Ball
1-0: Ball
2-0: Ball
3-0: Base on Balls
Joe Noble to second
Batting: RHB António López 0-0: Swinging Strike
0-1: Called Strike
0-2: Strikes out swinging
Batting: RHB Toju Noguchi 0-0: Ball
1-0: Ball
2-0: Ball
3-0: Foul Ball, location: 2F
3-1: Swinging Strike
3-2: Base on Balls
Joe Noble to third
Spencer Pritchett to second
Batting: RHB Currito Campos Balk!
Joe Noble scores
Spencer Pritchett to third
Toju Noguchi to second
0-0: Ball
1-0: Ball
2-0: SINGLE (Groundball, 56D)
Spencer Pritchett scores
Toju Noguchi to third
Batting: RHB Manuel Alonso 0-0: Called Strike
0-1: Ball
1-1: Swinging Strike
1-2: Strikes out swinging
Bottom of the 5th over - 6 run(s), 5 hit(s), 0 error(s), 2 left on base; Pensacola 10 - Nashua 11
TOP OF THE 6TH
Pensacola Pilots batting - Pitching for Nashua Redlegs : LHP Jorge Melgaza
Batting: RHB Jesús Sánchez 0-0: Ground out 6-3 (Groundball, 6)
Batting: LHB Pedro Ramos 0-0: Ball
1-0: SINGLE (Groundball, 5D)
Batting: RHB Peter Bishop 0-0: Called Strike
0-1: Called Strike
0-2: Fly out, F8 (Flyball, 8RM)
Batting: LHB Weston Chaney 0-0: Ball
Pedro Ramos steals 2nd base
1-0: Called Strike
1-1: Ball
2-1: Ball
3-1: Foul Ball, location: 2F
3-2: Fly out, F6 (Popup, 56D)
Top of the 6th over - 0 run(s), 1 hit(s), 0 error(s), 1 left on base; Pensacola 10 - Nashua 11
BOTTOM OF THE 6TH
Nashua Redlegs batting - Pitching for Pensacola Pilots : RHP Pedro Vargas
Batting: LHB Tim Ramsey 0-0: Ball
1-0: SINGLE (Groundball, 34D)
Batting: RHB Jason Blair 0-0: Ball
1-0: SINGLE (Groundball, 56D)
Tim Ramsey to second
Batting: RHB Joe Noble 0-0: Ball
1-0: Ball
2-0: Ball
3-0: Base on Balls
Tim Ramsey to third
Jason Blair to second
Batting: RHB Gilberto León 0-0: Fly out, F4 (Popup, 34S)
Batting: RHB Spencer Pritchett 0-0: Ball
1-0: Ball
2-0: Ball
3-0: Base on Balls
Tim Ramsey scores
Jason Blair to third
Joe Noble to second
Pitching: RHP Jesús Núñez
Batting: RHB António López 0-0: Ball
1-0: Fly out, F9 (Flyball, 9S)
Runner from 3rd tags up, SCORES, throw made
Batting: RHB Toju Noguchi 0-0: Fielders Choice at 2nd, 6-4 (Groundball, 6)
Bottom of the 6th over - 2 run(s), 2 hit(s), 0 error(s), 1 left on base; Pensacola 10 - Nashua 13
TOP OF THE 7TH
Pensacola Pilots batting - Pitching for Nashua Redlegs : LHP Jorge Melgaza
Batting: RHB Jonny Lord 0-0: Called Strike
0-1: Ball
1-1: Ball
2-1: Foul Ball, location: 2F
2-2: Fly out, F9 (Flyball, 9S)
Batting: LHB Nick Gamble 0-0: Ball
1-0: Ball
2-0: Called Strike
2-1: Ball
3-1: Base on Balls
Batting: RHB Gustavo Rodríguez 0-0: Ball
1-0: Called Strike
1-1: Ball
2-1: Fly out, F5 (Popup, 56)
Batting: RHB Jesús García Balk!
Nick Gamble to second
0-0: Ball
1-0: Ground out 6-3 (Groundball, 6)
Top of the 7th over - 0 run(s), 0 hit(s), 0 error(s), 1 left on base; Pensacola 10 - Nashua 13
BOTTOM OF THE 7TH
Nashua Redlegs batting - Pitching for Pensacola Pilots : RHP Jesús Núñez
Batting: RHB Currito Campos 0-0: Ball
1-0: Ball
2-0: Called Strike
2-1: Ball
3-1: Base on Balls
Batting: RHB Manuel Alonso 0-0: Ball
1-0: Foul Ball, location: 2F
1-1: Ball
2-1: Swinging Strike
2-2: Strikes out swinging
Batting: LHB Tim Ramsey 0-0: Ball
1-0: Ball
2-0: Foul Ball, location: 2F
2-1: DOUBLE (Flyball, 8LD)
Currito Campos to third
Runner from 3rd tries for Home, SAFE, throw made home
Batting: RHB Jason Blair 0-0: Intentional Walk
Batting: RHB Joe Noble 0-0: Ball
1-0: Called Strike
1-1: Called Strike
1-2: Ball
2-2: Ball
3-2: Foul Ball, location: 2F
3-2: Foul Ball, location: 2F
3-2: Strikes out swinging
Batting: RHB Gilberto León 0-0: Foul Ball, location: 2F
0-1: Foul Ball, location: 2F
0-2: Strikes out looking
Bottom of the 7th over - 1 run(s), 1 hit(s), 0 error(s), 2 left on base; Pensacola 10 - Nashua 14
TOP OF THE 8TH
Pensacola Pilots batting - Pitching for Nashua Redlegs : LHP Jorge Melgaza
Batting: RHB Julian Lee 0-0: Ball
1-0: Ball
2-0: SINGLE (Flyball, 9LS)
Batting: RHB Jesús Sánchez 0-0: Ball
1-0: SINGLE (Groundball, 56D)
Julian Lee to second
Pitching: LHP Raúl Fernández
Batting: LHB Pedro Ramos 0-0: Called Strike
0-1: SINGLE (Groundball, 6D)
Julian Lee to third
Jesús Sánchez to second
Batting: RHB Peter Bishop 0-0: Ball
1-0: Ball
2-0: GRAND SLAM HOME RUN (Flyball, 78XD), Distance : 426 ft
Pinch Hitting: RHB Aaron Grizzle 0-0: Swinging Strike
0-1: Ball
1-1: Ground out 1-3 (Groundball, 15)
Batting: RHB Jonny Lord 0-0: Ball
1-0: Ball
2-0: Ball
3-0: Base on Balls
Batting: LHB Nick Gamble 0-0: Foul Ball, location: 2F
0-1: Fly out, F8 (Flyball, 8LS)
Batting: RHB Gustavo Rodríguez 0-0: Ball
1-0: Ball
2-0: Ball
3-0: Called Strike
3-1: Swinging Strike
3-2: SINGLE (Line Drive, 34D)
Jonny Lord to second
Jonny Lord to third
Batting: RHB Jesús García 0-0: Ball
1-0: Called Strike
1-1: Fielders Choice at 2nd, 5-4 (Groundball, 56)
Top of the 8th over - 4 run(s), 5 hit(s), 0 error(s), 1 left on base; Pensacola 14 - Nashua 14
BOTTOM OF THE 8TH
Nashua Redlegs batting - Pitching for Pensacola Pilots : RHP Jesús Núñez
Pitching: RHP Manuel Cadenas
Now at 3B: Aaron Grizzle
Pinch Hitting: SHB Ryan Holcomb 0-0: Called Strike
0-1: Fly out, F6 (Line Drive, 6M)
Pinch Hitting: RHB Juan Reyes 0-0: Called Strike
0-1: Ball
1-1: Ball
2-1: SINGLE (Groundball, 6MD)
Pinch Runner at 1st José Hernández:
Pinch Hitting: RHB José Zumaya 0-0: Ball
1-0: Called Strike
1-1: Ball
2-1: Ball
3-1: Swinging Strike
3-2: Foul Ball, location: 2F
3-2: Grounds into double play, 6-4-3 (Groundball, 6)
Bottom of the 8th over - 0 run(s), 1 hit(s), 0 error(s), 0 left on base; Pensacola 14 - Nashua 14
TOP OF THE 9TH
Pensacola Pilots batting - Pitching for Nashua Redlegs : LHP Raúl Fernández
Pitching: LHP Pedro Castro
Now at 2B: Katsuhito Ohayashi
Now at 3B: José Zumaya
Now in LF: José Hernández
Batting: RHB Julian Lee 0-0: Ball
1-0: Ball
2-0: Called Strike
2-1: Fly out, F9 (Flyball, 89S)
Batting: RHB Jesús Sánchez 0-0: Ground out 4-3 (Groundball, 34)
Batting: LHB Pedro Ramos 0-0: Called Strike
0-1: Ball
1-1: Ball
2-1: Called Strike
2-2: Foul Ball, location: 2F
2-2: Strikes out looking
Top of the 9th over - 0 run(s), 0 hit(s), 0 error(s), 0 left on base; Pensacola 14 - Nashua 14
BOTTOM OF THE 9TH
Nashua Redlegs batting - Pitching for Pensacola Pilots : RHP Manuel Cadenas
Batting: RHB Currito Campos 0-0: Ball
1-0: Foul Ball, location: 2F
1-1: Swinging Strike
1-2: Ball
2-2: Ground out 5-3 (Groundball, 56S)
Batting: RHB Manuel Alonso 0-0: Swinging Strike
0-1: Swinging Strike
0-2: Ball
1-2: Ball
2-2: Strikes out swinging
Pitching: LHP Keith Jackson
Batting: LHB Tim Ramsey 0-0: SOLO HOME RUN (Flyball, 9D), Distance : 380 ft
Thursday, March 30th, 2017 - OOTP Baseball 17.12 Build 75